 Dungeon Crawl Stone Soup version 0.28-a0-1087-gf3fc490d9d (webtiles) character file.

Game seed: 14482445488165894484

13 mainiacjoe the Ducker (level 2, 0/17 HPs)
             Began as a Deep Elf Gladiator on Dec 11, 2021.
             Slain by a jackal (1 damage)
             ... on level 1 of the Dungeon.
             The game lasted 00:01:38 (734 turns).

mainiacjoe the Ducker (Deep Elf Gladiator)           Turns: 734, Time: 00:01:38

Health: 0/17       AC:  6    Str: 11    XL:     2   Next: 24%
Magic:  4/4        EV: 11    Int: 12    God:
Gold:   34         SH:  0    Dex: 16    Spells: 1/1 levels left

rFire   . . .      SeeInvis .   a - +0 quarterstaff
rCold   . . .      Faith    .   (shield currently unavailable)
rNeg    . . .      Spirit   .   j - +0 ring mail
rPois   .          Reflect  .   c - +0 helmet
rElec   .          Harm     .   (no cloak)
rCorr   .          Rampage  .   (no gloves)
Will    .....                   (no boots)
Stlth   +.........              (no amulet)
HPRegen 0.05/turn               (no ring)
MPRegen 0.09/turn               (no ring)

@: no status effects
A: no striking features
a: no special abilities


You were on level 1 of the Dungeon.
You visited 1 branch of the dungeon, and saw 1 of its levels.

You collected 34 gold pieces.

Inventory:

Hand Weapons
 a - a +0 quarterstaff (weapon)
Missiles
 d - 3 throwing nets {=F}
 h - 36 bolts
Armour
 b - a +0 leather armour
 c - a +0 helmet (worn)
 j - a +0 ring mail (worn)
Magical Staves
 e - a staff of air
Scrolls
 g - a scroll of fear {unknown}
 i - a scroll of identify {unknown}
 k - a scroll of teleportation {unknown}
Potions
 f - a potion of curing {unknown}


   Skills:
 * Level 2.0 Fighting
 + Level 3.2 Staves
 - Level 2.0 Throwing
 + Level 3.8 Dodging


You had one spell level left.
You didn't know any spells.
Your spell library contained the following spells:

 Spells                   Type           Power      Damage    Failure   Level
 Apportation              Tloc           0%         N/A       63%         1
 Cause Fear               Hex            0%         N/A       100%        4
 Alistair's Intoxication  Tmut/Pois      0%         N/A       100%        5
 Dragon Form              Tmut           0%         N/A       100%        7
 Dragon's Call            Summ           0%         N/A       100%        9


Dungeon Overview and Level Annotations

Branches:
Dungeon (1/15)

Altars:


Message History

You hit the hobgoblin but do no damage. The hobgoblin barely misses you.
The hobgoblin closely misses you.
You hit the hobgoblin.
The hobgoblin is moderately wounded.
The hobgoblin barely misses you.
You hit the hobgoblin.
The hobgoblin is heavily wounded.
The hobgoblin hits you.
You barely miss the hobgoblin.
The hobgoblin is heavily wounded.
The hobgoblin hits you.
You hit the hobgoblin but do no damage.
The hobgoblin is heavily wounded.
The hobgoblin hits you.
* * * LOW HITPOINT WARNING * * *
You barely miss the hobgoblin.
The hobgoblin is heavily wounded.
The hobgoblin closely misses you.
You hit the hobgoblin.
The hobgoblin is severely wounded.
The hobgoblin closely misses you.
You barely miss the hobgoblin.
The hobgoblin is severely wounded.
The hobgoblin closely misses you.
You hit the hobgoblin but do no damage.
The hobgoblin is severely wounded.
The hobgoblin closely misses you. The hobgoblin barely misses you.
You thump the hobgoblin!
You kill the hobgoblin!
The jackal bites you but does no damage.
You closely miss the jackal. The jackal bites you.
* * * LOW HITPOINT WARNING * * *
You barely miss the jackal. The jackal closely misses you.
You hit the jackal but do no damage.
The jackal stops to sniff the ground.
The jackal bites you but does no damage.
You barely miss the jackal. The jackal completely misses you.
The jackal closely misses you.
You closely miss the jackal. The jackal bites you.
You die...

### #.##.#####....#.#
#.###...... ......#.###
##.#....##.####.......(..
#.###...>................
#..#.....#.####.......#
#.#.#..#..#.####.!..#
#.###....###..##K...#
#.###.##..#.#.##h#h##
#.....##.#.##.##@#.#
#.######.........#.# #.#
###............. #.#
####.####.###.##########
#.# ...### .# #.........
#.# ####.. .# #.########
#.# # #.# #.#....... ..#
#. ####.# #.#.###### #.##
#.##....# #.#.#.....


You could see a jackal and a kobold.

Vanquished Creatures
  A ball python (D:1)
  A bat (D:1)
  2 endoplasms (D:1)
  A goblin (D:1)
  2 hobgoblins (D:1)
  A quokka (D:1)
  A frilled lizard (D:1)
  2 rats (D:1)
11 creatures vanquished.

Notes
Turn   | Place    | Note
-------+----------+-------------------------------------------
     0 | D:1      | mainiacjoe the Deep Elf Gladiator began the quest for the
                  | Orb.
     0 | D:1      | Reached XP level 1. HP: 12/12 MP: 3/3
   520 | D:1      | Found a faded altar of an unknown god.
   575 | D:1      | Reached XP level 2. HP: 15/17 MP: 4/4
   734 | D:1      | Slain by a jackal

Illustrated notes

Levels and vault maps discovered:
D:1:      minmay_arrival_widening_spiral_narrow, layout_loops_ring,
          nicolae_ecumenical_lake_church

Skill      XL: |  1 |
---------------+----+-----
Fighting       | 2 |  2.0
Staves         | |  3.2
Throwing       | |  2.0
Dodging        | |  3.8

Action                   || total
-------------------------++-------
Melee: Quarterstaff      ||    43
 Stab: Sleeping          ||     1
Armor: Leather armour    ||     2
       Ring mail         ||    10
Dodge: Dodged            ||    30

Table legend: (Time is in decaauts)
 A = Elapsed time spent in this place.
 B = Non-inter-level travel time spent in this place.
 C = Inter-level travel time spent in this place.
 D = Time resting spent in this place.
 E = Time spent auto-exploring this place.
 F = Levels seen in this place.
 G = Mean time per level.
                   A        B        C        D        E       F      G
               +--------+--------+--------+--------+--------+-----+--------+
         Total |    739 |    739 |      0 |      0 |    619 |   1 |  739.0 |
       Dungeon |    739 |    739 |      0 |      0 |    619 |   1 |  739.0 |
               +--------+--------+--------+--------+--------+-----+--------+

Top non-repeatable levels by time:
     D:1: 739 daAuts
